 Dungeon Crawl Stone Soup version 0.24-a0-246-gb963c9a (webtiles) character file.

Game seed: 14739023642610213398

11 Gorice the Charlatan (level 2, -1/20 HPs)
             Began as a Gnoll Wanderer on Apr 12, 2019.
             Slain by a hobgoblin (2 damage)
             ... on level 1 of the Dungeon.
             The game lasted 00:01:03 (162 turns).

Gorice the Charlatan (Gnoll Wanderer)                Turns: 162, Time: 00:01:04

Health: -1/20      AC:  5    Str: 14    XL:     2   Next: 25%
Magic:  5/5        EV: 12    Int: 16    God:
Gold:   19         SH:  0    Dex: 12    Spells: 5/6 levels left

rFire    . . .     SeeInvis .   a - +0 club
rCold    . . .     Gourm    .   (no shield)
rNeg     . . .     Faith    .   c - +2 leather armour
rPois    .         Spirit   .   (no helmet)
rElec    .         Reflect  .   (no cloak)
rCorr    .         Harm     .   (no gloves)
MR       .....                  (no boots)
Stlth    +.........             (no amulet)
HPRegen  0.06/turn              (no ring)
MPRegen  0.09/turn              (no ring)

@: no status effects
A: distributed training, fangs 1, strong nose
a: no special abilities


You were on level 1 of the Dungeon.
You were not hungry.

You visited 1 branch of the dungeon, and saw 1 of its levels.

You collected 19 gold pieces.

Inventory:

Hand Weapons
 a - a +0 club (weapon)
Missiles
 Y - 17 stones (quivered)
Armour
 c - a +2 leather armour (worn)
Scrolls
 e - a scroll of teleportation {unknown}
 f - a scroll of identify {unknown}
Comestibles
 b - 5 chunks of flesh
 d - a ration


   Skills:
 + Level 0.3 Fighting
 + Level 0.3 Short Blades
 + Level 0.3 Long Blades
 + Level 0.3 Axes
 + Level 0.3 Maces & Flails
 + Level 4.4 Polearms
 + Level 0.3 Staves
 + Level 0.3 Slings
 + Level 0.3 Bows
 + Level 0.3 Crossbows
 + Level 0.3 Throwing
 + Level 0.3 Armour
 + Level 2.4 Dodging
 + Level 0.3 Stealth
 + Level 0.3 Shields
 + Level 0.3 Unarmed Combat
 + Level 2.7 Spellcasting
 + Level 0.2 Conjurations
 + Level 3.7 Hexes
 + Level 0.2 Charms
 + Level 0.2 Summonings
 + Level 0.2 Necromancy
 + Level 0.2 Translocations
 + Level 0.2 Transmutations
 + Level 3.7 Fire Magic
 + Level 0.2 Ice Magic
 + Level 0.2 Air Magic
 + Level 0.2 Earth Magic
 + Level 0.2 Poison Magic
 + Level 0.4 Invocations
 + Level 4.4 Evocations


You had 5 spell levels left.
You knew the following spells:

 Your Spells              Type           Power        Failure   Level  Hunger
a - Freeze                Ice            #...         22%         1    #......

Your spell library contained the following spells:

 Spells                   Type           Power        Failure   Level  Hunger
 Ozocubu's Armour         Chrm/Ice       #.......     56%         3    ###....


Dungeon Overview and Level Annotations

Branches:
Dungeon (1/15)

Altars:


Innate Abilities, Weirdness & Mutations

Your experience applies equally to all skills.
You have very sharp teeth.
Your uncanny sense of smell can sniff out nearby items.


Message History

Damage: 1 (max 3) Unknown command.
You hit the hobgoblin.
The hobgoblin is heavily wounded.
The hobgoblin hits you with a +0 club.
Damage: 1 (max 3) Unknown command.
Unknown command.
Unknown command.
You hit the hobgoblin. You bite the hobgoblin.
You kill the hobgoblin!
Unknown command.
You hit the dart slug.
The dart slug is severely wounded.
The dart slug bites you but does no damage.
Unknown command.
You hit the dart slug.
The dart slug is severely wounded.
The dart slug bites you but does no damage.
Unknown command.
You hit the dart slug but do no damage.
You bite the dart slug, but do no damage.
The dart slug is severely wounded.
The dart slug bites you.
Damage: 2 (max 3) Unknown command.
You hit the dart slug.
The dart slug is almost dead.
The dart slug launches a dart at you. The slug dart hits you.
* * * LOW HITPOINT WARNING * * *
Damage: 4 (max 4) Unknown command.
You are too injured to fight recklessly!
Unknown command.
You are too injured to fight recklessly!
Unknown command.
You are too injured to fight recklessly!
Unknown command.
You are too injured to fight recklessly!
Unknown command.
You are too injured to fight recklessly!
You hit the dart slug.
You kill the dart slug!
You closely miss the hobgoblin.
You bite the hobgoblin, but do no damage.
The hobgoblin hits you.
* * * LOW HITPOINT WARNING * * *
The hobgoblin hits you.
You die...

....##.............#
......#............#####
.....#.#...............#
....#..#...............#
#%(#....#..............#
#.....#.......)......#
#.....#..............#
∆∆#...g#.....#####....##
....#..#@.....# #......
. ...#.#.#.##.# #....##
.... .#....##.##.....###
... ##...... ..#.#####
## ......#...# ..
.#.###.#. ∆ ##.# .... .#
# .#... ##... .. .....
....


You could see a hobgoblin.

Vanquished Creatures
  A dart slug (D:1)
  A bat (D:1)
  2 goblins (D:1)
  A hobgoblin (D:1)
  4 rats (D:1)
9 creatures vanquished.

Notes
Turn   | Place    | Note
-------+----------+-------------------------------------------
     0 | D:1      | Gorice the Gnoll Wanderer began the quest for the Orb.
     0 | D:1      | Gorice set off with the following items: a +0 club, a +2
                  | leather armour, a ration; and the following spell
                  | memorised: Freeze; and the following spells available to
                  | memorise: Ozocubu's Armour
     0 | D:1      | Reached XP level 1. HP: 13/13 MP: 4/4
   152 | D:1      | Reached XP level 2. HP: 16/19 MP: 5/5
   160 | D:1      | HP: 5/19 [dart slug/slug dart (4)]
   162 | D:1      | HP: 1/20 [hobgoblin (4)]
   162 | D:1      | Slain by a hobgoblin

Levels and vault maps discovered:
D:1:      minmay_arrival_cross, layout_basic, minmay_circled_x

Action                   || total
-------------------------++-------
Melee: Club              ||    46
       Bite              ||     6
 Cast: Freeze            ||     1
Armor: Leather armour    ||    21
Dodge: Dodged            ||    35

Table legend:
 A = Non-vault XP
 B = Vault XP
 C = Vault XP percentage of total XP
 D = Non-vault monster count
 E = Vault monster count
 F = Vault count percentage of total count
                 A         B        C        D         E       F
            +---------+---------+-------+---------+---------+-------
      Total |       7 |       9 |  56.2 |       5 |       4 |  44.4
            +---------+---------+-------+---------+---------+-------
        D:1 |       7 |       9 |  56.2 |       5 |       4 |  44.4
            +---------+---------+-------+---------+---------+-------

Table legend:
 A = Turns spent in this place as a percentage of turns spent in the entire game.
 B = Non-inter-level travel turns spent in this place as a percentage of non-inter-level travel turns spent in the entire game.
 C = Inter-level travel turns spent in this place as a percentage of turns spent in this place.
 D = Turns resting spent in this place as a percentage of non-inter-level travel turns spent in this place.
 E = Turns spent auto-exploring this place as a percentage of non-inter-level travel turns spent in this place.
 F = Non-inter-level travel turns spent in this place divided by the number of levels of this place that you've seen.
                   A       B       C       D       E      F
               +-------+-------+-------+-------+-------+----------------------
         Total | 100.0 | 100.0 |   0.0 |   0.0 |  43.8 | 162.0
       Dungeon | 100.0 | 100.0 |   0.0 |   0.0 |  43.8 | 162.0
               +-------+-------+-------+-------+-------+----------------------

Levels and vault maps discovered:
D:1:      minmay_arrival_cross, layout_basic, minmay_circled_x
